 Dungeon Crawl Stone Soup version 0.31.0-9-g3a7656b989 (webtiles) character file.

Game seed: 2352287342840029117

124 qw the Shooter (level 4, -2/22 HPs)
             Began as a Spriggan Hunter on Feb 2, 2024.
             Incinerated by a bombardier beetle (5 damage)
             ... with a burning spray
             ... on level 4 of the Dungeon.
             The game lasted 00:00:06 (2002 turns).

qw the Shooter (Spriggan Hunter)                    Turns: 2002, Time: 00:00:06

Health: -2/22      AC:  4    Str:  7    XL:     4   Next: 81%
Magic:  5/5        EV: 21    Int: 10    God:
Gold:   106        SH:  0    Dex: 26    Spells: 3/3 levels left

rFire   . . .        a - +0 shortbow
rCold   . . .        (shield currently unavailable)
rNeg    + + .        k - +2 robe "Xeneirch" {rN++ Will+ rCorr}
rPois   .            (helmet restricted)
rElec   .            (no cloak)
rCorr   +            (gloves unavailable)
SInv    +            (boots unavailable)
Will    +....        (no amulet)
Stlth   +            j - +6 ring of dexterity
HPRegen 0.23/turn    (no ring)
MPRegen 0.09/turn

%: no passive effects
@: on fire, glowing, very quick
A: very small, no large weapons, unfitting armour, see invisible, speed 3
a: no special abilities


You were on level 4 of the Dungeon.
You visited 1 branch of the dungeon, and saw 4 of its levels.

You collected 106 gold pieces.


Innate Abilities, Weirdness & Mutations

You are very small and have problems with some larger weapons.
You are too small for most types of armour.
You have supernaturally acute eyesight. (SInv)
You cover ground extremely quickly. (Speed+++)


   Skills:
 - Level 1.5 Fighting
 - Level 5.3 Ranged Weapons
 + Level 5.0 Dodging
 - Level 1.5 Stealth


You had 3 spell levels left.
You didn't know any spells.
Your spell library was empty.

Inventory:

Hand Weapons
 a - a +0 shortbow (weapon)
Armour
 k - the +2 robe "Xeneirch" (worn) {rN++ Will+ rCorr}
   (You found it on level 2 of the Dungeon)

   rN++:      It greatly protects you from negative energy.
   Will+:     It increases your willpower.
   rCorr:     It protects you from acid and corrosion.
Jewellery
 j - a +6 ring of dexterity (left hand)
Wands
 l - a wand of acid (3)
Potions
 f - a potion of haste
 h - a potion of mutation {unknown}

Dungeon Overview and Level Annotations

Branches:
Dungeon (4/15)
 Temple: D:4-7

Altars:
Dithmenos


Message History

Done exploring.
1968 ||| READING scroll labelled IMOTHE PIHAU.
As you read the scroll labelled IMOTHE PIHAU, it crumbles to dust.
You hear a loud clanging noise!
It was a scroll of noise.
You hear a shout!
Done exploring.
What level of the Dungeon? (default 3, ? - help)
There is a stone staircase leading down here.
You climb downwards.
There is a stone staircase leading up here.
A bombardier beetle is nearby!
Waypoint 3 assigned to D:4.
You shoot an arrow. The arrow hits the bombardier beetle!
The bombardier beetle is heavily wounded.
You shoot an arrow. The arrow hits the bombardier beetle.
The bombardier beetle is severely wounded.
You shoot an arrow.
The arrow hits the bombardier beetle but does no damage.
The bombardier beetle is severely wounded.
The bombardier beetle sprays incendiary fluid at you.
The burning spray hits you.
You are covered in liquid fire!
You shoot an arrow. The arrow hits the bombardier beetle!
You kill the bombardier beetle!
The liquid fire burns you!
Your Ranged Weapons skill increases to level 5!
You are on fire!
The liquid fire burns you!
You are on fire!
The liquid fire burns you!
You are on fire!
The liquid fire burns you!
You are on fire!
The liquid fire burns you!
You are on fire!
The liquid fire burns you!
You are on fire!
The liquid fire burns you!
You die...

# .# .. #. #.
#. #.###.####
#@.......
#..........###.
############


There were no monsters in sight!

Vanquished Creatures
  2 bombardier beetles
  An adder (D:2)
  3 dart slugs
  2 ribbon worms (D:3)
  An orc (D:3)
  6 bats
  3 endoplasms (D:1)
  A giant cockroach (D:1)
  A goblin (D:3)
  4 hobgoblins
  8 ball pythons
  2 frilled lizards
  5 kobolds
  3 rats
42 creatures vanquished.

Notes
Turn   | Place    | Note
-------+----------+-------------------------------------------
     0 | D:1      | qw the Spriggan Hunter began the quest for the Orb.
     0 | D:1      | Reached XP level 1. HP: 10/10 MP: 2/2
     0 | D:1      | 0 ||| qw: Version: 0.3-a-155-g5e7d8dd
     0 | D:1      | 0 ||| qw: Game counter: 1116
     0 | D:1      | 0 ||| qw: Melee chars always use a shield: true
     0 | D:1      | 0 ||| qw: God list: Okawaru
     0 | D:1      | 0 ||| qw: Allow faded altars: false
     0 | D:1      | 0 ||| qw: Do Orc after clearing Dungeon:15 true
     0 | D:1      | 0 ||| qw: Do second Lair branch before Depths: true
     0 | D:1      | 0 ||| qw: Lair rune preference: random
     0 | D:1      | 0 ||| qw: Goals: Normal
     0 | D:1      | 0 ||| PLANNING D:1-11
   137 | D:1      | Reached skill level 3 in Dodging
   394 | D:1      | Reached XP level 2. HP: 14/14 MP: 3/3
   719 | D:1      | 719 ||| READING scroll labelled APUURR RURENIG.
   719 | D:1      | 719 ||| IDENTIFYING puce potion
   720 | D:1      | 720 ||| DROPPING scroll of butterflies.
   909 | D:2      | HP: 3/14 [poisoned by an adder]
   912 | D:2      | Reached XP level 3. HP: 3/18 MP: 4/4
   912 | D:2      | 912 ||| DRINKING potion of curing.
   912 | D:2      | 912 ||| (to cure poison)
  1036 | D:2      | Found a shadowy altar of Dithmenos.
  1047 | D:2      | Found a faded altar of an unknown god.
  1065 | D:2      | Identified the +2 robe "Xeneirch" {rN++ Will+ rCorr}
  1227 | D:2      | 1227 ||| UPGRADING to +2 robe "Xeneirch" {rN++ Will+
                  | rCorr}.
  1237 | D:2      | 1237 ||| DROPPING +0 robe.
  1238 | D:2      | 1238 ||| UPGRADING to +6 ring of dexterity.
  1239 | D:2      | 1239 ||| READING scroll of identify.
  1239 | D:2      | 1239 ||| IDENTIFYING fizzy green potion
  1240 | D:2      | 1240 ||| READING scroll labelled YVVOSE WANI.
  1241 | D:2      | 1241 ||| READING scroll labelled LOUTWYSHAI.
  1242 | D:2      | 1242 ||| READING scroll labelled WUANKOLUGG.
  1247 | D:2      | 1247 ||| READING scroll labelled QOATTY LEURHAA.
  1248 | D:2      | 1248 ||| DRINKING 2 bubbling sapphire potions.
  1249 | D:2      | 1249 ||| DROPPING potion of ambrosia.
  1293 | D:3      | Reached XP level 4. HP: 22/22 MP: 5/5
  1866 | D:3      | 1866 ||| READING scroll labelled PUIDIPHUUC.
  1967 | D:3      | 1967 ||| READING scroll labelled ZIORHOI JADEZO.
  1968 | D:3      | 1968 ||| READING scroll labelled IMOTHE PIHAU.
  2000 | D:4      | HP: 5/22 [burnt (2)]
  2002 | D:4      | Incinerated by a bombardier beetle

Levels and vault maps discovered:
D:1:      heliophobic_arrival_dark_side_of_the_moon, layout_basic,
          hangedman_decor_growths, dk_noncrumbling_3
D:2:      layout_rooms, hellmonk_ecumenical_altar_lost_god, basic_altar,
          serial_bayou_lagoon_a, minmay_misc_feat_more_columns
D:3:      layout_loops_ring
D:4:      layout_loops_ring, kiku_gazebo_pond_becter, uniq_duvessa

Skill      XL: |  1  2  3  4 |
---------------+-------------+-----
Dodging        | 3 4 5 |  5.0
Ranged Weapons | 5 |  5.3
Fighting       | |  1.5
Stealth        | |  1.5

Action                     |  1- 3 |  4- 6 || total
---------------------------+-------+-------++-------
   Fire: Shortbow          |    70 |    49 ||   119
    Use: Scroll            |     6 |     3 ||     9
         Potion            |     2 |       ||     2
 Armour: Robe              |     7 |     5 ||    12
  Dodge: Dodged            |    15 |    11 ||    26

Table legend:
 A = Non-vault XP
 B = Vault XP
 C = Vault XP percentage of total XP
 D = Non-vault monster count
 E = Vault monster count
 F = Vault count percentage of total count
                 A         B        C        D         E       F
            +---------+---------+-------+---------+---------+-------
      Total |     178 |       0 |   0.0 |      42 |       0 |   0.0
            +---------+---------+-------+---------+---------+-------
        D:1 |      25 |       0 |   0.0 |      14 |       0 |   0.0
        D:2 |      28 |       0 |   0.0 |       9 |       0 |   0.0
        D:3 |      77 |       0 |   0.0 |      18 |       0 |   0.0
        D:4 |      48 |       0 |   0.0 |       1 |       0 |   0.0
            +---------+---------+-------+---------+---------+-------
